 Dungeon Sprint DCSS version 0.28-a0-533-g9f97627e2a (webtiles) character file.

Game seed: 11187188164632042122

74 Conn the Firebug (level 4, -9/27 HPs)
             Began as an Octopode Fire Elementalist on Sept 26, 2021.
             Killed from afar by an oklob sapling (36 damage)
             ... with a splash of acid
             ... in the Dungeon (Sprint IV: "Fedhas' Mad Dash").
             The game lasted 00:01:27 (99 turns).

Conn the Firebug (Octopode Fire Elementalist)         Turns: 99, Time: 00:01:27

Health: -9/27      AC:  1    Str:  7    XL:     4   Next: 28%
Magic:  3/9        EV: 13    Int: 18    God:
Gold:   17         SH:  0    Dex: 12    Spells: 9/10 levels left

rFire   . . .      SeeInvis .   (no weapon)
rCold   . . .      Faith    .   (no shield)
rNeg    . . .      Spirit   .   (helmet restricted)
rPois   .          Reflect  .   g - amulet of invisibility {+Inv}
rElec   .          Harm     .   (no ring)
rCorr   .          Rampage  .   (no ring)
Will    .....      NoTele   +   (no ring)
Stlth   +++.......              (no ring)
HPRegen 0.09/turn               (no ring)
MPRegen 0.11/turn               (no ring)
                                (no ring)
                                (no ring)

@: no status effects
A: almost no armour, amphibious, 8 rings, camouflage 1, gelatinous body 1,
(nimble swimmer 1), tentacles
a: Evoke Invisibility


You were in the Dungeon.
You visited 1 branch You collected 17 gold pieces.

Inventory:

Jewellery
 g - the amulet of invisibility (around mantle) {+Inv}
   (You found it in the Dungeon)

   [amulet of nothing]

   +Inv:      It lets you turn invisible.
Scrolls
 e - a scroll of identify {unknown}
 f - a scroll of blinking
Potions
 a - a potion of curing
 b - a potion of heal wounds
 c - a potion of haste
 d - 2 potions of magic


   Skills:
 + Level 3.3 Dodging
 + Level 4.1 Stealth
 - Level 0.1 Unarmed Combat
 + Level 3.8 Spellcasting
 + Level 2.0 Conjurations
 + Level 6.5 Fire Magic


You had 9 spell levels left.
You knew the following spells:

 Your Spells              Type           Power      Damage    Failure   Level
a - Foxfire               Conj/Fire      72%        2x1d7     2%          1

Your spell library contained the following spells:

 Spells                   Type           Power      Damage    Failure   Level
 Scorch                   Fire           54%        2d7       1%          2
 Conjure Flame            Conj/Fire      18%        6-21      8%          3
 Inner Flame              Hex/Fire       15%        N/A       12%         3
 Flame Wave               Conj/Fire      18%        3d5       26%         4
 Portal Projectile        Hex/Tloc       6%         N/A       41%         3
 Blade Hands              Tmut           1%         N/A       99%         5
 Excruciating Wounds      Necr           1%         N/A       99%         5


Dungeon Overview and Level Annotations

Branches:
Dungeon (1/1)

Altars:

Annotations:
D exclusion: oklob sapling


Innate Abilities, Weirdness & Mutations

You cannot wear most types of armour.
You are amphibious.
You can wear up to eight rings at the same time.
Your skin changes colour to match your surroundings (Stealth+).
Your rubbery body absorbs attacks. (AC +1, EV +1)
((You are camouflaged near water. (Stealth+)))
You have tentacles for arms and can constrict up to eight enemies at once.


Message History

The scorpion is moderately wounded.
Casting: Foxfire (safe; 6% risk of failure)
Confirm with . or Enter, or press ? or * to list all spells.
You conjure some foxfire!
The scorpion closely misses you.
Unknown command.
You barely miss the scorpion. You grab the scorpion. You squeeze the scorpion.
The scorpion is heavily wounded.
You constrict the scorpion, but do no damage.
The foxfire hits the scorpion.
The scorpion is almost dead.
The foxfire hits the scorpion.
You kill the scorpion!
Your Dodging skill increases to level 3!
Your Stealth skill increases to level 4!
Your Spellcasting skill increases to level 3!
Your Conjurations skill increases to level 2!
Your Fire Magic skill gained 2 levels and is now at level 6!
You have reached level 3!
Your experience leads to an increase in your attributes!
Increase (S)trength, (I)ntelligence, or (D)exterity?
You feel clever.
You have reached level 4!
You now have 6 gold pieces.
Your magical contamination has completely faded away.
e - a scroll labelled UHOCLI WEISCHE You see here a scorpion corpse.
You now have 11 gold pieces (gained 5).
You see here a scorpion corpse.
g - the amulet of invisibility {+Inv} You start putting on your amulet.
You continue putting on the amulet of invisibility {+Inv}. x5
You finish putting on the amulet of invisibility {+Inv}.
g - the amulet of invisibility (around mantle) {+Inv} You see here 18 stones.
You now have 17 gold pieces (gained 6).
Really wriggle into a travel-excluded area?
The oklob sapling spits acid at you. The splash of acid hits you!!!
Ouch! That really hurt!
You die...

##################
#<...#.....#.@...#
#....†..†..'.#(†.+
#....#.....#P#...#
###############+##


You could see an oklob sapling.

Vanquished Creatures
  A scorpion (D)
  A river rat (D)
  A rat (D)
3 creatures vanquished.

Vanquished Creatures (others)
  10 foxfires (D)
  7 fungi (D)
17 creatures vanquished.

Grand Total: 20 creatures vanquished

Notes
Turn   | Place    | Note
-------+----------+-------------------------------------------
     0 | D        | Conn the Octopode Fire Elementalist began the quest for the
                  | Orb.
     0 | D        | Reached XP level 1. HP: 11/11 MP: 3/3
    29 | D        | Reached skill level 4 in Fire Magic
    29 | D        | Reached XP level 2. HP: 17/17 MP: 0/5
    68 | D        | Noticed an oklob sapling
    71 | D        | Noticed a scorpion
    71 | D        | Found the amulet of invisibility {+Inv}
    81 | D        | Killed a scorpion
    82 | D        | Reached skill level 6 in Fire Magic
    82 | D        | Reached XP level 3. HP: 21/21 MP: 1/8
    82 | D        | Reached XP level 4. HP: 27/27 MP: 1/9
    99 | D        | Killed from afar by an oklob sapling

Illustrated notes

Levels and vault maps discovered:
D:        dungeon_sprint_fedhas [sprint_temple]

Skill      XL: |  1  2 |
---------------+-------+-----
Stealth        | 3 4 |  4.1
Fire Magic     | 4 6 |  6.5
Dodging        | 3 |  3.3
Spellcasting   | 3 |  3.8
Conjurations   | 2 |  2.0
Unarmed Combat | |  0.1

Action                   |  1- 3 |  4- 6 || total
-------------------------+-------+-------++-------
Melee: Unarmed           |    14 |       ||    14
       Constrict         |     9 |       ||     9
       Tentacles         |     4 |       ||     4
 Cast: Foxfire           |     6 |       ||     6
  Use: Potion            |     1 |       ||     1
Dodge: Dodged            |     1 |       ||     1

Table legend: (Time is in decaauts)
 A = Elapsed time spent in this place.
 B = Non-inter-level travel time spent in this place.
 C = Inter-level travel time spent in this place.
 D = Time resting spent in this place.
 E = Time spent auto-exploring this place.
 F = Levels seen in this place.
 G = Mean time per level.
                   A        B        C        D        E       F      G
               +--------+--------+--------+--------+--------+-----+--------+
         Total |    108 |    108 |      0 |     42 |      0 |   1 |  108.0 |
       Dungeon |    108 |    108 |      0 |     42 |      0 |   1 |  108.0 |
               +--------+--------+--------+--------+--------+-----+--------+

Top non-repeatable levels by time:
       D: 108 daAuts
